 Dungeon Crawl Stone Soup version 0.27-a0-887-gcab673c142 (webtiles) character file.

Game seed: 14083845724467151461

267 KyrpaJooseppi the Twirler (level 6, 0/49 HPs)
             Began as a Human Gladiator on Apr 3, 2021.
             Slain by a gnoll
             ... wielding a +0 spear
              (3 damage)
             ... on level 3 of the Dungeon.
             The game lasted 00:04:50 (3179 turns).

KyrpaJooseppi the Twirler (Human Gladiator)         Turns: 3179, Time: 00:04:51

Health: 0/49       AC:  6    Str: 15    XL:     6   Next: 45%
Magic:  6/6        EV: 11    Int: 16    God:
Gold:   145        SH:  0    Dex: 14    Spells: 5/5 levels left

rFire    . . .     SeeInvis .   a - +1 quarterstaff
rCold    . . .     Faith    .   (shield currently unavailable)
rNeg     . . .     Spirit   .   g - +0 ring mail
rPois    .         Reflect  .   c - +0 helmet
rElec    .         Harm     .   (no cloak)
rCorr    .         Rampage  .   (no gloves)
Will     .....                  (no boots)
Stlth    +.........             (no amulet)
HPRegen  0.16/turn              I - +6 ring of intelligence
MPRegen  0.10/turn              (no ring)

@: about to teleport, attractive
A: no striking features
a: no special abilities


You were on level 3 of the Dungeon.
You visited 1 branch of the dungeon, and saw 3 of its levels.

You collected 145 gold pieces.

Inventory:

Hand Weapons
 a - a +1 quarterstaff (weapon)
 b - a +1 spear of flaming
Missiles
 d - 2 throwing nets (quivered)
 f - 9 boomerangs
 l - 23 poisoned darts
Armour
 c - a +0 helmet (worn)
 g - a +0 ring mail (worn)
Jewellery
 I - a +6 ring of intelligence (left hand)


   Skills:
 + Level 4.6 Fighting
 + Level 5.2 Staves
 - Level 2.0 Throwing
 - Level 3.0 Dodging


You had 5 spell levels left.
You didn't know any spells.
Your spell library was empty.

Dungeon Overview and Level Annotations

Branches:
Dungeon (3/15)

Altars:
Yredelemnul

Annotations:
D:3 2 transporters, furman's ghost, amateur DjFE


Message History

You sock the gnoll!
You kill the gnoll!
The gnoll barely misses you. The gnoll barely misses you.
The gnoll hits you from afar with a +0 halberd!
Things that are here:
a +0 flail; a gnoll corpse; a ball python corpse The gnoll hits you from afar with a +0 spear.
You aren't carrying any items that you can evoke without wielding.
Okay, then.
Unknown command.
It was a potion of attraction.
You feel attractive to monsters. The gnoll hits you but does no damage.
The gnoll is pulled toward you! x2
The gnoll hits you from afar with a +0 spear.
The gnoll is pulled toward you! x3
The gnoll hits you but does no damage. The gnoll is pulled toward you! x3
The gnoll hits you from afar with a +0 spear.
The gnoll is pulled toward you! The gnoll closely misses you.
The gnoll is pulled toward you! x2
The gnoll hits you from afar with a +0 spear.
The gnoll is pulled toward you! x2
The gnoll hits you from afar with a +0 spear.
The gnoll is pulled toward you! The gnoll hits you but does no damage.
The gnoll is pulled toward you! x2
The gnoll hits you from afar with a +0 spear!
The gnoll is pulled toward you! x2
The gnoll hits you from afar with a +0 spear.
The gnoll is pulled toward you! x3
The gnoll closely misses you. The gnoll is pulled toward you! x3
The gnoll hits you but does no damage. The gnoll is pulled toward you! x3
The gnoll hits you from afar with a +0 spear!
* * * LOW HITPOINT WARNING * * *
The gnoll is pulled toward you! x3
The gnoll hits you from afar with a +0 spear.
* * * LOW HITPOINT WARNING * * *
The gnoll barely misses you. The gnoll is pulled toward you!
As you read the scroll of teleportation, it crumbles to dust.
You feel strangely unstable. The gnoll hits you with a +0 spear.
You die...

####...####.##.......#.......#
## #...# #.......####.......#
#. #.....# ######.## #########
#. ##...## #.# #. ....# ####.#
#. ..#.# #. #.#.# ######## #.
.#####.#.#####......####.
........@...##.#.#...†...
##....#g##.......#.#####
.####..g.#####.####.#
........## #.# #.# ......#.#
#.. ..# #######.# #### ### #.#
#.## #####..#


You could see 2 gnolls.

Vanquished Creatures
  A centaur (D:3)
  A howler monkey (D:3)
  An orc wizard (D:3)
  A gnoll (D:3)
  4 adders (D:2)
  2 worms (D:2)
  A dart slug (D:2)
  8 orcs
  3 bats
  3 endoplasms
  3 giant cockroaches (D:2)
  6 hobgoblins
  6 jackals
  2 quokkas (D:2)
  6 ball pythons
  4 frilled lizards
  3 goblins
  A kobold (D:2)
  5 rats
61 creatures vanquished.

Notes
Turn   | Place    | Note
-------+----------+-------------------------------------------
     0 | D:1      | KyrpaJooseppi the Human Gladiator began the quest for the
                  | Orb.
     0 | D:1      | Reached XP level 1. HP: 16/16 MP: 1/1
    89 | D:1      | Found a faded altar of an unknown god.
   478 | D:1      | Reached XP level 2. HP: 17/22 MP: 2/2
  1261 | D:2      | Reached XP level 3. HP: 26/28 MP: 3/3
  1279 | D:2      | Found a basalt altar of Yredelemnul.
  1362 | D:2      | Reached XP level 4. HP: 29/35 MP: 4/4
  1734 | D:2      | Reached skill level 4 in Staves
  2479 | D:3      | Found a transporter.
  2479 | D:3      | Noticed furman's ghost (amateur DjFE)
  2480 | D:3      | Found a transporter.
  2563 | D:3      | Reached XP level 5. HP: 41/41 MP: 5/5
  2787 | D:3      | Noticed a centaur
  2798 | D:3      | Killed a centaur
  2799 | D:3      | Reached skill level 5 in Staves
  2799 | D:3      | Reached XP level 6. HP: 15/49 MP: 6/6
  3179 | D:3      | Slain by a gnoll

Illustrated notes

Levels and vault maps discovered:
D:1:      onia_arrival_mini_maze, layout_basic, basic_ecumenical_altar
D:2:      layout_rooms, grunt_ministairs_3, minmay_hexomino_r4
D:3:      layout_loops_cross, lemuel_tele_altar, gammafunk_ghost_arena,
          grunt_ministairs_3, kennysheep_generic_room_15

Skill      XL: |  1  2  3  4  5 |
---------------+----------------+-----
Fighting       | 3 4 |  4.6
Staves         | 4 5 |  5.2
Throwing       | |  2.0
Dodging        | |  3.0

Action                   |  1- 3 |  4- 6 || total
-------------------------+-------+-------++-------
Melee: Quarterstaff      |    81 |   117 ||   198
Throw: Throwing net      |     4 |     3 ||     7
  Use: Scroll            |       |    10 ||    10
       Potion            |       |     1 ||     1
Armor: Leather armour    |     7 |       ||     7
       Ring mail         |    48 |    53 ||   101
Dodge: Dodged            |    66 |    80 ||   146

Table legend: (Time is in decaauts)
 A = Elapsed time spent in this place.
 B = Non-inter-level travel time spent in this place.
 C = Inter-level travel time spent in this place.
 D = Time resting spent in this place.
 E = Time spent auto-exploring this place.
 F = Levels seen in this place.
 G = Mean time per level.
                   A        B        C        D        E       F      G
               +--------+--------+--------+--------+--------+-----+--------+
         Total |   3199 |   3125 |     74 |    878 |   1614 |   3 | 1066.3 |
       Dungeon |   3199 |   3125 |     74 |    878 |   1614 |   3 | 1066.3 |
               +--------+--------+--------+--------+--------+-----+--------+

Top non-repeatable levels by time:
     D:2: 1349 daAuts
     D:1: 1123 daAuts
     D:3: 726 daAuts
